 Dungeon Crawl Stone Soup version 0.24.0-1-gfbc8707122 (webtiles) character file.

Game seed: 18391420177648014677, levelgen mode: deterministic

1491 MisterOstroum the Skirmisher (level 8, -3/73 HPs)
             Began as a Centaur Wizard on Oct 27, 2019.
             Was an Initiate of Okawaru.
             Slain by an elf zombie (6 damage)
             ... in an ossuary.
             The game lasted 00:17:44 (9944 turns).

MisterOstroum the Skirmisher (Centaur Wizard)       Turns: 9944, Time: 00:17:45

Health: -3/73      AC:  9    Str: 16      XL:     8   Next: 51%
Magic:  11/11      EV:  9    Int: 17      God:    Okawaru [......]
Gold:   282        SH:  0    Dex:  6 (14) Spells: 10/11 levels left

rFire    . . .     SeeInvis .   J - +0 spear (pierce)
rCold    . . .     Gourm    .   (no shield)
rNeg     . . .     Faith    .   G - +0 chain mail
rPois    .         Spirit   .   B - +0 helmet
rElec    .         Reflect  .   s - +0 cloak
rCorr    .         Harm     .   (no gloves)
MR       .....                  (no barding)
Stlth    ..........             (no amulet)
HPRegen  0.22/turn              n - ring of flight
MPRegen  0.12/turn              (no ring)

@: mighty, agile, hasted, very quick
A: large, hooves 3, camouflage 1, deformed body, speed 2, sense surroundings 1,
tough skin 3
a: Renounce Religion, Evoke Flight


You were in an ossuary.
You worshipped Okawaru.
Okawaru was noncommittal.
You were very hungry.

You visited 2 branches of the dungeon, and saw 8 of its levels.
You also visited: Ossuary and Bailey.

You collected 282 gold pieces.

Inventory:

Hand Weapons
 a - a +2 dagger of venom
 b - a +0 rapier
 c - a +0 shortbow
 z - a +0 war axe
 F - a +0 trident
 J - a +0 spear of piercing (weapon)
Missiles
 d - 151 stones
 h - 9 boomerangs (quivered)
 C - 23 arrows
Armour
 r - a +0 robe of magic resistance
 s - a +0 cloak (worn)
 t - a +0 buckler
 B - a +0 helmet (worn)
 G - a +0 chain mail (worn)
Jewellery
 n - a ring of flight (left hand)
Wands
 o - a wand of paralysis (3)
 A - a wand of disintegration (10)
Scrolls
 l - 2 scrolls of remove curse {@r2}
 m - 3 scrolls of teleportation {unknown}
 p - 2 scrolls of immolation {unknown}
 q - a scroll of fog {unknown}
 x - 4 scrolls of identify {unknown}
 y - a scroll of random uselessness {unknown}
 E - 3 scrolls of enchant weapon {unknown}
 H - a scroll of amnesia {unknown}
Potions
 g - 3 potions of brilliance
 i - 2 potions of curing {@q1 !q}
 j - a potion of haste {@q4 !q}
 u - a potion of ambrosia {unknown}
 v - a potion of berserk rage {unknown}
 w - a potion of agility {@q5 !q}
 D - a potion of degeneration {unknown}
Comestibles
 e - 10 rations


   Skills:
 + Level 7.1 Fighting
 - Level 4.0 Short Blades
 - Level 2.2 Axes
 * Level 5.2 Bows
 - Level 1.3 Dodging
 - Level 1.1 Stealth
 - Level 2.4 Spellcasting
 - Level 0.8 Conjurations
   Level 0.8 Summonings
   Level 0.8 Translocations
 - Level 3.2 Evocations


You had 10 spell levels left.
You knew the following spells:

 Your Spells              Type           Power        Failure   Level  Hunger
a - Magic Dart            Conj           #...         95%         1    #......

Your spell library contained the following spells:

 Spells                   Type           Power        Failure   Level  Hunger
 Confusing Touch          Hex            #.....       98%         1    #......
 Blink                    Tloc           N/A          99%         2    ##.....
 Call Imp                 Summ           #.......     99%         2    ##.....
 Slow                     Hex            #.......     99%         2    ##.....
 Confuse                  Hex            #.......     100%        3    ###....
 Conjure Flame            Conj/Fire      #.......     100%        3    ###....
 Gell's Gravitas          Tloc           #.........   100%        3    ###....
 Mephitic Cloud           Conj/Pois/Air  #.......     100%        3    ###....
 Petrify                  Tmut/Erth      #.......     100%        4    #####..
 Metabolic Englaciation   Hex/Ice        #.........   100%        5    ######.
 Yara's Violent Unravell  Hex/Tmut       #.........   100%        5    ######.


Dungeon Overview and Level Annotations

Branches:
Dungeon (7/15)             Temple (1/1) D:6         Ossuary (1/1)
 Bailey (visited)

Altars:
Ashenzari
Cheibriados
Dithmenos
Elyvilon
Fedhas
Gozag
Hepliaklqana
Kikubaaqudgha
Makhleb
Nemelex Xobeh
Okawaru
Ru
Sif Muna
Trog
Uskayaw
Vehumet
Xom
The Shining One


Innate Abilities, Weirdness & Mutations

You have hooves in place of feet.
Armour fits poorly on your strangely shaped body.
You cover ground very quickly.
You have extremely tough skin. (AC +3)
Your skin changes colour to match your surroundings (Stealth+).
You passively map a small area around you.


Message History

The mummy is moderately damaged.
The big kobold zombie hits you.
* * * LOW HITPOINT WARNING * * *
The mummy barely misses you.
It was a potion of mutation.
You feel extremely strange.
You feel a strange attunement to the structure of the dungeons.
Your skin functions as natural camouflage.
The elf zombie hits you but does no damage. x2
Unknown command.
It was a potion of might.
You feel very mighty all of a sudden. The big kobold zombie hits you.
* * * LOW HITPOINT WARNING * * *
The mummy hits you.
* * * LOW HITPOINT WARNING * * *
The elf zombie hits you.
* * * LOW HITPOINT WARNING * * *
Okay, then.
Unknown command.
You barely miss the mummy. You kick the mummy!
The mummy is almost destroyed.
The elf zombie misses you.
The big kobold zombie hits you but does no damage.
You puncture the mummy!
You destroy the mummy!
Okawaru accepts your kill.
The elf zombie hits you but does no damage.
You hit the big kobold zombie. You kick the big kobold zombie!
The big kobold zombie is heavily damaged.
The elf zombie hits you.
* * * LOW HITPOINT WARNING * * *
The big kobold zombie hits you.
* * * LOW HITPOINT WARNING * * *
The goblin zombie closely misses you.
You puncture the big kobold zombie! Your kick misses the big kobold zombie.
The big kobold zombie is severely damaged.
The elf zombie completely misses you. The elf zombie misses you.
You puncture the big kobold zombie!
You destroy the big kobold zombie!
Okawaru accepts your kill.
Your Bows skill increases to level 5!
The goblin zombie barely misses you.
You barely miss the big kobold zombie.
The big kobold zombie is almost destroyed.
The elf zombie hits you.
* * * LOW HITPOINT WARNING * * *
The big kobold zombie hits you but does no damage.
The elf zombie barely misses you.
Your chain mail prevents you from hitting the big kobold zombie.
You kick the big kobold zombie.
You destroy the big kobold zombie!
Okawaru accepts your kill. The goblin zombie closely misses you.
The elf zombie hits you.
* * * LOW HITPOINT WARNING * * *
You hit the hobgoblin zombie.
The hobgoblin zombie is severely damaged.
The elf zombie completely misses you. The hobgoblin zombie barely misses you.
You hit the hobgoblin zombie.
You destroy the hobgoblin zombie!
Okawaru accepts your kill.
The goblin zombie hits you but does no damage.
The elf zombie hits you.
* * * LOW HITPOINT WARNING * * *
You puncture the gnoll zombie! You kick the gnoll zombie.
The gnoll zombie is almost destroyed.
The elf zombie hits you but does no damage.
You puncture the gnoll zombie!
You destroy the gnoll zombie!
Okawaru accepts your kill.
The goblin zombie hits you but does no damage.
The elf zombie hits you but does no damage.
The elf zombie barely misses you.
You hit the goblin zombie.
You destroy the goblin zombie!
Okawaru accepts your kill. The goblin zombie barely misses you.
You puncture the hobgoblin zombie!
You destroy the hobgoblin zombie!
Okawaru accepts your kill. The elf zombie closely misses you.
The elf zombie hits you.
* * * LOW HITPOINT WARNING * * *
You hit the big kobold zombie.
The big kobold zombie is moderately damaged.
The goblin zombie hits you but does no damage.
The big kobold zombie hits you.
* * * LOW HITPOINT WARNING * * *
The elf zombie hits you but does no damage.
You barely miss the big kobold zombie. Your kick misses the big kobold zombie.
The big kobold zombie is moderately damaged.
The elf zombie hits you.
* * * LOW HITPOINT WARNING * * *
You completely miss the elf zombie.
The elf zombie is moderately damaged.
The goblin zombie hits you but does no damage.
The big kobold zombie hits you but does no damage.
The elf zombie hits you but does no damage.
You puncture the elf zombie!
The elf zombie is severely damaged.
The elf zombie hits you.
You die...

##### ##...##
##.....##
#...∩...#
#.....ZZ#
#...∩ZZ@#
##....Z##
##...## #...#
#####(..#####
#...(.......#
##.(.......##
#.(.........#
##....Z....##


You could see 2 goblin zombies, a big kobold zombie and 2 elf zombies.

Vanquished Creatures
  A water moccasin (D:6)
  A sky beast (D:7)
  A phantom (D:4)
  An ogre (D:4)
  A centaur (D:5)
  A scorpion (D:4)
  A howler monkey (D:5)
  A quasit (D:6)
  A bullfrog zombie (D:7)
  2 orc priests
  2 hounds
  An iguana (D:4)
  2 jellies
  3 bullfrog skeletons
  A centaur skeleton (D:6)
  6 orc wizards
  3 worker ants
  4 big kobold zombies (Ossuary)
  2 mummies (Ossuary)
  15 adders
  2 shadow imps
  2 dart slugs
  5 leopard geckos
  15 orcs
  8 bats
  5 giant cockroaches
  A gnoll zombie (Ossuary)
  5 goblins
  7 hobgoblins
  2 quokkas
  6 frilled lizards
  A goblin zombie (Ossuary)
  2 hobgoblin zombies (Ossuary)
  10 kobolds
  A leopard gecko skeleton (D:5)
  An orc zombie (Ossuary)
  5 rats
128 creatures vanquished.

Notes
Turn   | Place    | Note
-------+----------+-------------------------------------------
     0 | D:1      | MisterOstroum the Centaur Wizard began the quest for the
                  | Orb.
     0 | D:1      | Reached XP level 1. HP: 14/14 MP: 3/3
   112 | D:1      | Reached skill level 1 in Fighting
   320 | D:1      | Reached XP level 2. HP: 16/24 MP: 5/5
   778 | D:1      | Reached skill level 2 in Fighting
  1788 | D:2      | Reached XP level 3. HP: 16/30 MP: 2/6
  1954 | D:2      | Reached skill level 3 in Fighting
  2401 | D:2      | Reached XP level 4. HP: 40/40 MP: 1/7
  2510 | D:2      | Reached skill level 4 in Fighting
  2852 | D:2      | Found a faded altar of an unknown god.
  3259 | D:3      | Found a shadowy altar of Dithmenos.
  3472 | D:3      | Found a burning altar of Makhleb.
  3645 | D:3      | Reached XP level 5. HP: 29/47 MP: 8/8
  4588 | D:3      | Reached skill level 5 in Fighting
  4687 | D:3      | Reached skill level 1 in Axes
  4687 | D:3      | Reached skill level 1 in Evocations
  5229 | D:4      | Noticed an ogre
  5239 | D:4      | Killed an ogre
  5239 | D:4      | Reached XP level 6. HP: 56/56 MP: 9/9
  6158 | D:4      | Reached skill level 1 in Short Blades
  6158 | D:4      | Reached XP level 7. HP: 61/61 MP: 10/10
  6704 | D:5      | Entered Level 5 of the Dungeon
  6711 | D:5      | Got a shimmering shield
  6760 | D:4      | Identified the cursed -5 shield of Ethics {*Drain Str+4
                  | Dex+3} (You found it on level 5 of the Dungeon)
  7101 | D:5      | Reached skill level 6 in Fighting
  7995 | D:6      | Lost dexterity.
  8007 | D:6      | Reached skill level 1 in Bows
  8007 | D:6      | Reached XP level 8. HP: 37/71 MP: 11/11
  8640 | D:6      | HP: 2/71 [poisoned by a water moccasin]
  8983 | D:6      | Found a staircase to the Ecumenical Temple.
  8988 | Temple   | Entered the Ecumenical Temple
  9149 | Temple   | Became a worshipper of Warmaster Okawaru
  9565 | D:7      | Found a flagged portal.
  9584 | Bailey   | Entered a bailey
  9709 | D:7      | Found a sand-covered staircase.
  9753 | Ossuary  | Entered an ossuary
  9778 | Ossuary  | Reached skill level 7 in Fighting
  9926 | Ossuary  | Gained mutation: You passively map a small area around you.
                  | [potion of mutation]
  9926 | Ossuary  | Gained mutation: Your skin changes colour to match your
                  | surroundings (Stealth+). [potion of mutation]
  9932 | Ossuary  | Reached skill level 5 in Bows
  9942 | Ossuary  | HP: 3/73 [elf zombie (3)]
  9944 | Ossuary  | Slain by an elf zombie

Levels and vault maps discovered:
D:1:      dpeg_arrival_more_subterranean_lakeside_camping, layout_loops_ring,
          serial_rivers, chequers_serial_rivers_marsh,
          chequers_serial_rivers_large_a, chequers_serial_rivers_room_a,
          chequers_serial_rivers_small_a, chequers_serial_rivers_micro_a
D:2:      layout_basic, chequers_ecumenical_altar_grove
D:3:      layout_basic, nicolae_overflow_hidden_temple
D:4:      layout_basic
D:5:      layout_layer_cave, first_ration
D:6:      layout_rooms, minmay_temple_entry_nine_rooms
D:7:      minmay_bubble_buster, layout_basic, enter_bailey_2,
          gup_ossuary_entry_pyramid, the_bakery, corexii_leaking_fountain,
          ebering_dispersal_statue_hall
Temple:   regret_index_temple_sphere_string
Ossuary:  minmay_ossuary_gauntlet

Skill      XL: |  1  2  3  4  5  6  7  8 |
---------------+-------------------------+-----
Fighting       | 1 2 3 4 5 6 7 |  7.1
Axes           | 2 |  2.2
Evocations     | 2 3 |  3.2
Short Blades   | 1 3 4 |  4.0
Bows           | 1 5 |  5.2
Dodging        | |  1.3
Stealth        | |  1.1
Spellcasting   | |  2.4
Conjurations   | |  0.8
Summonings     | |  0.8
Translocations | |  0.8

Action                   |  1- 3 |  4- 6 |  7- 9 || total
-------------------------+-------+-------+-------++-------
Melee: Unarmed           |    20 |       |       ||    20
       Dagger            |   139 |   258 |   121 ||   518
       Kick              |    14 |    41 |    44 ||    99
       Rapier            |       |       |   130 ||   130
       Spear             |       |       |    77 ||    77
 Fire: Shortbow          |       |       |    11 ||    11
Throw: Stone             |    10 |     1 |       ||    11
       Boomerang         |       |       |    10 ||    10
 Cast: Magic Dart        |    48 |    25 |       ||    73
Evoke: Wand              |       |     9 |     9 ||    18
  Use: Scroll            |       |       |     2 ||     2
       Potion            |       |       |     6 ||     6
 Stab: Paralysed         |       |    21 |       ||    21
  Eat: Chunk             |     4 |    11 |     5 ||    20
       Ration            |       |       |     2 ||     2
Armor: Robe              |    90 |     8 |       ||    98
       Leather armour    |       |    47 |       ||    47
       Ring mail         |       |    38 |   161 ||   199
       Chain mail        |       |       |   111 ||   111
Dodge: Dodged            |   111 |    89 |   113 ||   313
Block: Buckler           |       |    21 |    17 ||    38
